 Dungeon Crawl Stone Soup version 0.31-a0-1071-gaead2f62b1 (webtiles) character file.

Game seed: 16157826787470595245

384350 Lobster4 the Ninja (level 21, -1/107 HPs)
             Began as a Spriggan Brigand on Nov 25, 2023.
             Was the Champion of Dithmenos.
             Slain by a +0 long sword of electrocution (10 damage)
             ... on level 2 of the Elven Halls.
             The game lasted 07:15:13 (69962 turns).

Lobster4 the Ninja (Spriggan Brigand)              Turns: 69962, Time: 07:15:14

Health: -1/107     AC:  6    Str:  7    XL:     21   Next: 96%
Magic:  40/42      EV: 35    Int: 18    God:    Dithmenos [******]
Gold:   1589       SH:  9    Dex: 29    Spells: 19/52 levels left

rFire   + + .        a - +4 dagger of Wu Jian, Lusting {flame, Will+ Str-2 Int+2 Dex+2}
rCold   + . .        P - +2 buckler
rNeg    . . .        L - +1 troll leather armour
rPois   +            m - +2 hat
rElec   .            Y - scarf {rC+ rF+}
rCorr   .            (gloves unavailable)
SInv    +            (boots unavailable)
Will    ++++.        G - amulet "Zeoqoerghu" {Acrobat Rampage rF+ Dex+5 Stlth+} Stlth ##********
                     t - ring of poison resistance
HPRegen 1.17/turn    q - +5 ring of evasion
MPRegen 0.28/turn

%: acrobat, rampage
@: wreathed by umbra, very quick
A: very small, no large weapons, unfitting armour, see invisible, speed 3
}: 2/15 runes: barnacled, gossamer
a: Renounce Religion, Shadow Step, Shadow Form


You were on level 2 of the Elven Halls.
You worshipped Dithmenos.
Dithmenos was exalted by your worship.
You visited 10 branches of the dungeon, and saw 40 of its levels.
You also visited: Sewer.

You collected 4671 gold pieces.
You spent 3082 gold pieces at shops.

Inventory:

Hand Weapons
 a - the +4 dagger of Wu Jian, Lusting (weapon) {flame, Will+ Str-2 Int+2 Dex+2}
   (You bought it in a shop on level 2 of the Vaults)

   Str-2:     It affects your strength (-2).
   Int+2:     It affects your intelligence (+2).
   Dex+2:     It affects your dexterity (+2).
   Will+:     It increases your willpower.
 b - a +3 sling of flaming
 c - a +3 dagger of freezing
 e - a +4 hand cannon of flaming
 h - a +2 dagger of electrocution
 r - a +3 rapier of venom
Missiles
 d - 10 poisoned darts (quivered)
 o - 50 boomerangs
 x - 2 atropa-tipped darts
Armour
 m - a +2 hat (worn)
 I - a +0 robe of resistance
 L - a +1 troll leather armour (worn)
 P - a +2 buckler (worn)
 Y - a scarf of resistance (worn)
Jewellery
 j - a ring of positive energy
 q - a +5 ring of evasion (right hand)
 t - a ring of poison resistance (left hand)
 z - a ring of flight
 A - a ring of resist corrosion
 G - the amulet "Zeoqoerghu" (around neck) {Acrobat Rampage rF+ Dex+5 Stlth+}
   (You found it on level 4 of the Shoals)

   [amulet of the acrobat]

   Acrobat:   It increases your evasion while moving and waiting.
   Dex+5:     It affects your dexterity (+5).
   rF+:       It protects you from fire.
   Rampage:   It bestows one free step when moving towards enemies.
   Stlth+:    It makes you more stealthy.
 K - a +4 ring of protection
Wands
 v - a wand of iceblast (26)
 y - a wand of mindburst (40)
 C - a wand of polymorph (20)
 M - a wand of charming (11)
 O - a wand of digging (7)
 W - a wand of light (4)
 Z - a wand of flame (37)
Scrolls
 l - 3 scrolls of immolation
 p - 4 scrolls of enchant weapon
 w - a scroll of butterflies
 B - a scroll of blinking
 F - 2 scrolls of fog
 J - 5 scrolls of revelation
 S - 3 scrolls of fear
 V - a scroll of poison
 X - 7 scrolls of teleportation
Potions
 f - 4 potions of magic
 g - 5 potions of brilliance
 i - 3 potions of berserk rage
 k - a potion of enlightenment
 s - 2 potions of resistance
 u - 11 potions of lignification
 E - 8 potions of curing
 H - 11 potions of ambrosia
 Q - 5 potions of haste
 R - 2 potions of heal wounds
 T - 3 potions of cancellation
 U - 2 potions of might
Miscellaneous
 D - a phial of floods
 N - a box of beasts (inert)


   Skills:
 - Level 10.0 Fighting
 - Level 14.5 Short Blades
 + Level 11.7 Ranged Weapons
 - Level 10.0 Throwing
 - Level 7.0 Armour
 - Level 12.0 Dodging
 O Level 27 Stealth
 - Level 3.0 Shields
 - Level 16.0 Spellcasting
 - Level 5.0 Conjurations
 + Level 18.0 Hexes
 - Level 15.0 Translocations
 - Level 10.0 Ice Magic
 - Level 4.0 Air Magic
 - Level 5.0 Poison Magic
 - Level 4.0 Invocations
 - Level 5.0 Evocations


You had 19 spell levels left.
You knew the following spells:

 Your Spells              Type           Power      Damage    Failure   Level
a - Teleport Other        Tloc           62%        N/A       1%          3
b - Gell's Gravitas       Tloc           62%        N/A       1%          3
c - Ensorcelled Hibernat  Hex/Ice        100%       N/A       1%          2
d - Confusing Touch       Hex            68%        N/A       1%          3
e - Frozen Ramparts       Ice            100%       1d16      1%          3
f - Ozocubu's Armour      Ice            50%        N/A       1%          3
g - Iskenderun's Mystic   Conj/Tloc      50%        2d11      1%          4
h - Tukima's Dance        Hex            68%        N/A       1%          3
i - Mephitic Cloud        Conj/Pois/Air  31%        N/A       4%          3
j - Jinxbite              Hex            100%       N/A       0%          2
k - Apportation           Tloc           100%       N/A       1%          1
s - Sigil of Binding      Hex            68%        N/A       1%          3

Your spell library contained the following spells:

 Spells                   Type           Power      Damage    Failure   Level
 Slow                     Hex            100%       N/A       0%          1
 Freeze                   Ice            100%       1d10      1%          1
 Magic Dart               Conj           100%       1d8       1%          1
 Shock                    Conj/Air       100%       1d9       1%          1
 Momentum Strike          Conj/Tloc      100%       3d10      1%          2
 Searing Ray              Conj           64%        2d6       1%          2
 Dazzling Flash           Conj/Hex       100%       N/A       1%          3
 Hailstorm                Conj/Ice       41%        3d10      1%          3
 Inner Flame              Hex/Fire       46%        N/A       1%          3
 Summon Guardian Golem    Hex/Summ       46%        N/A       1%          3
 Volatile Blastmotes      Fire/Tloc      82%        2d16      1%          3
 Dimensional Bullseye     Hex/Tloc       32%        N/A       1%          4
 Fulminant Prism          Conj/Hex       27%        3d14      1%          4
 Vhi's Electric Charge    Tloc/Air       96%        N/A       1%          4
 Metabolic Englaciation   Hex/Ice        29%        N/A       1%          5
 Static Discharge         Conj/Air       60%        3-6/arc   2%          2
 Leda's Liquefaction      Hex/Erth       23%        N/A       2%          4
 Foxfire                  Conj/Fire      92%        2x1d8     3%          1
 Dispersal                Tloc           31%        N/A       3%          6
 Cigotuvi's Dreadful Rot  Necr/Pois/Air  50%        N/A       4%          2
 Enfeeble                 Hex            34%        N/A       4%          7
 Yara's Violent Unravell  Hex/Tmut       23%        3d10      7%          5
 Necrotise                Necr           56%        1d6       10%         1
 Sandblast                Erth           28%        2d8       10%         1
 Summon Small Mammal      Summ           56%        N/A       10%         1
 Stone Arrow              Conj/Erth      46%        3d9       11%         3
 Call Imp                 Summ           28%        N/A       14%         2
 Passwall                 Tmut/Erth      11%        N/A       14%         2
 Scorch                   Fire           28%        2d6       14%         2
 Sublimation of Blood     Necr           14%        N/A       14%         2
 Wereblood                Tmut           14%        N/A       14%         2
 Ignite Poison            Fire/Tmut/Pois 20%        N/A       16%         3
 Airstrike                Air            14%        2d(2-18)  19%         4
 Call Canine Familiar     Summ           14%        N/A       28%         3
 Vampiric Draining        Necr           14%        2d7       28%         3
 Brom's Barrelling Bould  Conj/Erth      23%        2d4       34%         4
 Flame Wave               Conj/Fire      23%        2d8       34%         4
 Sticky Flame             Conj/Fire      23%        2d4       34%         4
 Discord                  Hex            34%        N/A       36%         8
 Summon Lightning Spire   Summ/Air       21%        N/A       38%         4
 Arcjolt                  Conj/Air       15%        1d25      38%         5
 Animate Dead             Necr           14%        N/A       67%         4
 Petrify                  Tmut/Erth      14%        N/A       67%         4
 Alistair's Intoxication  Tmut/Pois      15%        N/A       67%         5
 Irradiate                Conj/Tmut      11%        3d15      67%         5
 Ozocubu's Refrigeration  Ice            25%        4d13      80%         7
 Disjunction              Tloc           31%        N/A       80%         8
 Conjure Ball Lightning   Conj/Air       15%        3x3d6     93%         6
 Agony                    Necr           14%        N/A       95%         5
 Lee's Rapid Deconstruct  Erth           7%         3d6*      95%         5
 Malign Gateway           Summ/Tloc      20%        N/A       98%         7
 Bombard                  Conj/Erth      11%        9d3       99%         6
 Starburst                Conj/Fire      11%        6d5       99%         6
 Plasma Beam              Fire/Air       10%        2x1d21    100%        6
 Haunt                    Necr/Summ      7%         N/A       100%        7
 Orb of Destruction       Conj           16%        9d7       100%        7
 Spellforged Servitor     Conj/Summ      11%        N/A       100%        7
 Summon Hydra             Summ           7%         N/A       100%        7
 Ignition                 Fire           7%         3d4       100%        8
 Infestation              Necr           7%         N/A       100%        8
 Maxwell's Capacitive Co  Air            14%        ∞         100%        8
 Summon Horrible Things   Summ           7%         N/A       100%        8
 Chain Lightning          Conj/Air       15%        3d20      100%        9


Dungeon Overview and Level Annotations

Branches:
Dungeon (15/15)            Temple (1/1) D:7            Lair (5/5) D:10
 Shoals (4/4) Lair:2       Spider (4/4) Lair:2        Slime (0/5) Lair:4
    Orc (2/2) D:11            Elf (3/3) Orc:2        Vaults (4/5) D:13
  Crypt (1/3) Vaults:3     Depths (1/4) D:15          Sewer (visited)

Altars:
Ashenzari
Cheibriados
Dithmenos
Elyvilon
Fedhas
Gozag
Hepliaklqana
Kikubaaqudgha
Makhleb
Nemelex Xobeh
Okawaru
Qazlal
Ru
Sif Muna
Trog
Uskayaw
Vehumet
Wu Jian
Xom
Yredelemnul
Zin
The Shining One

Shops:
D:4 ?   D:6 :   D:14 [   Orc:2 ([**:   Vaults:1 ?   Vaults:2 [[*(   Vaults:4 *

Portals:
Hell: Depths:1
Abyss: Depths:1

Annotations:
D:3 Arex's ghost, amateur HOCK
D:6 2 transporters, LeprechaunX's ghost, novice OpSh
Lair:4 1 runed translucent door
Shoals:3 1 runed translucent door, Zyonedgh's ghost, adept DsMo
Spider:4 1 runed translucent door, Roxanne; Sundig's ghost, adept MiFi
Elf:1 2 transporters, exclusion: obsidian statue
Depths:1 the Enchantress


Innate Abilities, Weirdness & Mutations

You are very small and have problems with some larger weapons.
You are too small for most types of armour.
You have supernaturally acute eyesight. (SInv)
You cover ground extremely quickly. (Speed+++)


Message History

You block the +0 long sword of electrocution's attack.
The +2 mace of protection hits you.
The +0 long sword of electrocution closely misses you.
You shoot a bolt.
The bolt misses the +2 mace of protection.
Your shadow shoots a bolt.
The bolt hits the +2 mace of protection!
The +2 mace of protection falls from the air.
Dithmenos accepts your kill.
The +0 long sword of electrocution hits you!
You emit a cloud of dark smoke.
The +0 long sword of electrocution completely misses you.
A +0 long sword of electrocution is nearby!
A +0 long sword of electrocution is nearby!
You enter a dispersal trap!
The +0 long sword of electrocution blinks!
You blink.
Items here: )))).
Casting: Ozocubu's Armour (safe; 1% risk of failure)
Confirm with . or Enter, or press ? or * to list all spells.
Aiming: Ensorcelled Hibernation (safe; 1% risk of failure)
Press: ? - help, Shift-Dir - straight line, f - deep elf zephyrmancer
Aim: a deep elf zephyrmancer, wielding a +0 rapier (umbra, chance to affect: 54%)
The deep elf zephyrmancer resists with significant effort.
Your shadow mimics your spell!
The deep elf zephyrmancer looks drowsy...
Your +4 hand cannon of flaming stops flaming.
You feel weaker.
You feel clever.
You feel agile.
The +4 dagger of Wu Jian, Lusting {flame, Will+ Str-2 Int+2 Dex+2} bursts into flame!
a - the +4 dagger of Wu Jian, Lusting (weapon)
{flame, Will+ Str-2 Int+2 Dex+2} The +0 long sword of electrocution completely misses you.
You hit the deep elf zephyrmancer. You burn the deep elf zephyrmancer.
The deep elf zephyrmancer is moderately wounded.
The deep elf zephyrmancer gestures at you while chanting.
The bolt of lightning hits you!!!
* * * LOW HITPOINT WARNING * * *
The bolt of lightning misses the +0 long sword of electrocution.
The +0 long sword of electrocution hits you!
You die...

####...[.)...)...........
##[[)####.......####.#. ###
#.....# ######### #.#. ###.#
#.)...# ##.## #.#. ....# #.....#
##.#.###.#. ###.# ##...##
##)###...... ###.########.###
####)## ##.#.##
..§..[..##.....####.^.## ##...#
.##.#[........=e@(..§## ##.##
.).).#####...[.##..§§####### ###
##).## ###..###...§§..⌠..## ##..#
###)# ####........## ##.## #...#
#.§§).....## [.)########...###
#..........## ................#
#⌠....).....##
..[....#..#...#.####...[).......#
.....?.#....[......#..........⌠.#


You could see a deep elf zephyrmancer and a +0 long sword of electrocution.

Vanquished Creatures
  Margery (Vaults:4)
  Norris (Depths:1)
  Arachne (Spider:2)
  A tentacled monstrosity (Vaults:4)
  Rupert (D:12)
  Jorgrun (D:14)
  A deep elf blademaster (Elf:2)
  5 sphinxes
  Agnes (Orc:2)
  Frances (Spider:2)
  Aizul (Depths:1)
  Ilsuiw (Shoals:4)
  A frost giant (Depths:1)
  6 emperor scorpions
  A deep elf sorcerer (Elf:2)
  9 vault wardens
  5 ghost moths
  3 orc warlords
  2 spriggan defenders (Depths:1)
  A broodmother (Spider:1)
  14 ironbound preservers
  2 very ugly things (Vaults:4)
  2 formless jellyfish (Vaults:1)
  A war gargoyle (Vaults:2)
  2 stone giants
  9 ironbound thunderhulks
  4 deep elf annihilators
  3 deep elf demonologists
  14 dire elephants
  2 spark wasps
  A crystal guardian (Vaults:2)
  3 deep elf death magi
  Josephine (Orc:2)
  7 merfolk impalers (Shoals:4)
  2 merfolk javelineers (Shoals:4)
  3 great orbs of eyes
  4 deep elf high priests (Elf:3)
  A rakshasa (D:14)
  2 hydras (D:14)
  4 entropy weavers
  4 ice dragons (Depths:1)
  9 yaktaur captains
  7 vault guards
  3 jorogumos (Spider:4)
  A peacekeeper (Vaults:2)
  2 ogre magi
  Erica (D:10)
  A death knight (D:13)
  3 radroaches
  2 merfolk avatars (Shoals:4)
  29 dancing weapons
  4 boulder beetles
  10 ironbound frosthearts
  13 centaur warriors
  3 two-headed ogres
  4 merfolk aquamancers
  3 satyrs (Shoals:4)
  3 deep troll shamans (Depths:1)
  14 death yaks
  11 demonic crawlers
  A deep troll earth mage (Depths:1)
  A tengu warrior (D:13)
  Urug (Lair:2)
  An orc high priest (Orc:2)
  25 deep elf knights
  A vampire mage (D:15)
  Sonja (D:12)
  7 hell knights
  Nergalle (D:12)
  3 iron trolls (Depths:1)
  11 skysharks
  2 sun moths (Spider:4)
  4 pharaoh ants
  A flayed ghost (Depths:1)
  14 sea snakes
  2 glowing orange brains
  32 deep trolls
  10 orb spiders
  A deep troll (shapeshifter) (D:15)
  16 deep elf archers
  6 orc knights
  15 ironbound convokers
  A phantasmal warrior (Vaults:4)
  10 steelbarb worms
  7 lindwurms
  Pikel (D:9)
  17 wolf spiders
  7 necromancers
  22 deep elf zephyrmancers
  4 arcanists
  13 harpies
  9 fauns
  34 ugly things
  3 moths of wrath
  2 orc sorcerers (Orc:2)
  23 deep elf pyromancers
  An elephant (Lair:5)
  17 manticores
  Maurice (Orc:2)
  A black mamba (shapeshifter) (Elf:1)
  4 cyclopes
  22 vault sentinels
  7 black mambas
  6 merfolk sirens
  4 torpor snails
  6 water nymphs
  A gargoyle (D:11)
  4 unseen horrors
  Jeremiah (D:7)
  A rime drake (Lair:5)
  13 cane toads
  A freezing wraith (D:14)
  A kobold demonologist (D:11)
  3 tengu conjurers
  An efreet (D:11)
  11 komodo dragons
  A guardian mummy (Crypt:1)
  17 yaktaurs
  3 hornets
  10 trolls
  28 merfolk
  5 polar bears
  3 meliai (D:13)
  20 blink frogs
  23 tarantellas
  5 wind drakes
  10 snapping turtles
  28 jumping spiders
  3 dream sheep (Lair:5)
  35 slime creatures
  A slime creature (shapeshifter) (Elf:3)
  14 culicivoras
  2 shadows (D:11)
  9 air elementals
  2 vampires
  8 wraiths
  10 spriggans (Lair:5)
  13 water elementals
  4 wyverns
  A human (D:13)
  30 yaks
  5 basilisks
  7 fire elementals (Elf:2)
  A hog (shapeshifter) (D:14)
  A basilisk (shapeshifter) (D:11)
  4 vampire mosquitoes
  59 redbacks
  A steam dragon (D:9)
  3 wargs
  13 water moccasins
  3 swamp worms (Lair:3)
  6 black bears
  30 orc warriors
  An ice beast (D:6)
  A black bear (shapeshifter) (Elf:2)
  5 ogres
  4 boggarts (Lair:5)
  A sky beast (D:7)
  A tengu (D:8)
  25 wolves
  7 centaurs
  2 lemures (D:9)
  6 kobold brigands
  Blork the orc (D:4)
  3 scorpions
  21 bullfrogs
  2 gnoll sergeants (D:11)
  10 earth elementals
  12 wights
  6 killer bees (D:8)
  5 electric eels
  4 howler monkeys
  A jelly (D:6)
  21 orc priests
  2 gnoll boudas
  A hound (D:5)
  2 iguanas (D:5)
  Natasha (thrice) (D:4)
  23 orc wizards
  8 sleepcaps
  7 adders
  8 gnolls
  2 river rats (Sewer)
  2 shadow imps (D:6)
  A white imp (D:8)
  6 worms
  2 dart slugs
  97 orcs
  16 ball pythons
  8 endoplasms
  10 giant cockroaches
  11 goblins
  6 hobgoblins
  6 jackals
  7 quokkas
  10 bats
  11 frilled lizards
  35 kobolds
  6 rats
1514 creatures vanquished.

Vanquished Creatures (collateral kills)
  2 deep elf master archers (Elf:3)
  2 deep elf sorcerers (Elf:3)
  A deep elf elementalist (Elf:3)
  A spriggan defender (Depths:1)
  A deep elf demonologist (Elf:3)
  5 dire elephants (Vaults:3)
  3 deep elf annihilators (Elf:3)
  A spark wasp (Spider:2)
  2 deep elf death magi (Elf:3)
  A dancing weapon (Elf:3)
  2 death yaks (Lair:5)
  3 deep elf knights (Elf:3)
  2 pharaoh ants (Spider:1)
  3 orb spiders
  A steelbarb worm (Spider:4)
  A deep elf archer (Elf:3)
  3 deep elf pyromancers (Elf:3)
  6 deep elf zephyrmancers (Elf:3)
  2 wolf spiders
  4 ugly things (D:15)
  A manticore (Shoals:2)
  2 fauns (Shoals:1)
  A merfolk siren (Shoals:2)
  A torpor snail (Spider:2)
  5 tarantellas
  3 dream sheep (Shoals:1)
  3 jumping spiders
  3 spriggans (Lair:5)
  6 culicivoras
  2 water elementals (Shoals:4)
  6 redbacks
  A boggart (Lair:5)
  A wolf (Lair:5)
  An orc wizard (D:10)
  An orc (D:10)
  2 kobolds (D:10)
85 creatures vanquished.

Vanquished Creatures (others)
  A deep elf blademaster (Elf:3)
  3 deep elf sorcerers (Elf:3)
  A broodmother (Spider:1)
  A deep elf annihilator (Elf:3)
  A dire elephant (Vaults:3)
  A deep elf high priest (Elf:3)
  An ironbound frostheart (Vaults:4)
  A death yak (Lair:5)
  2 deep elf knights
  A lindwurm (Vaults:4)
  2 deep elf pyromancers
  2 wolf spiders
  A deep elf zephyrmancer (Elf:3)
  A faun (Shoals:1)
  A torpor snail (Spider:1)
  4 tarantellas
  A slime creature (Vaults:3)
  A jumping spider (Spider:3)
  2 dancing weapons
  5 redbacks
  A centaur (D:13)
  An orc (Orc:2)
35 creatures vanquished.

Grand Total: 1634 creatures vanquished

Notes
Turn   | Place    | Note
-------+----------+-------------------------------------------
     0 | D:1      | Lobster4 the Spriggan Brigand began the quest for the Orb.
     0 | D:1      | Reached XP level 1. HP: 10/10 MP: 2/2
   220 | D:1      | Reached skill level 6 in Stealth
   220 | D:1      | Reached XP level 2. HP: 15/15 MP: 3/3
   778 | D:1      | Reached XP level 3. HP: 18/18 MP: 4/4
  1643 | D:2      | Reached skill level 1 in Armour
  1754 | D:2      | Reached XP level 4. HP: 23/23 MP: 5/5
  2257 | D:3      | Found a faded altar of an unknown god.
  2505 | D:3      | Found a glowing drain.
  2516 | Sewer    | Entered a sewer
  2693 | Sewer    | Reached XP level 5. HP: 26/26 MP: 6/6
  3463 | D:3      | Found a runed translucent door.
  3463 | D:3      | Noticed Arex's ghost (amateur HOCK)
  3553 | D:3      | Reached skill level 1 in Ranged Weapons
  3691 | D:3      | Noticed an ogre
  3760 | D:4      | Found Rasofal's Magic Scroll Shop.
  3769 | D:4      | Bought a scroll of blinking for 75 gold pieces
  3787 | D:4      | Found an ornate altar of the Wu Jian Council.
  3847 | D:4      | Noticed Natasha
  3853 | D:4      | Killed Natasha
  3854 | D:4      | Reached skill level 7 in Stealth
  3858 | D:4      | Noticed Blork the orc
  3979 | D:4      | Noticed Natasha
  3986 | D:4      | Killed Natasha
  4311 | D:4      | Noticed Natasha
  4322 | D:4      | Killed Natasha
  4323 | D:4      | Reached XP level 6. HP: 32/32 MP: 7/7
  4367 | D:4      | Killed Blork the orc
  4656 | D:4      | Found an ornate altar of the Wu Jian Council.
  4711 | D:5      | Entered Level 5 of the Dungeon
  4737 | D:5      | Reached skill level 1 in Shields
  4737 | D:5      | Reached skill level 1 in Evocations
  4839 | D:5      | Noticed a water moccasin
  5141 | D:4      | Reached XP level 7. HP: 15/36 MP: 8/8
  5794 | D:6      | Reached skill level 8 in Stealth
  5837 | D:6      | Found a transporter.
  5838 | D:6      | Noticed LeprechaunX's ghost (novice OpSh)
  5838 | D:6      | Noticed a two-headed ogre
  6233 | D:6      | Found Destack's Book Boutique.
  6290 | D:6      | Reached skill level 5 in Dodging
  6712 | D:6      | Reached XP level 8. HP: 24/40 MP: 9/9
  7352 | D:6      | Found a transporter.
  7507 | D:7      | Found a staircase to the Ecumenical Temple.
  7520 | Temple   | Entered the Ecumenical Temple
  7529 | Temple   | Became a worshipper of Dithmenos the Shadowed
  7602 | D:7      | Found a blossoming altar of Fedhas.
  7682 | D:7      | Reached skill level 9 in Stealth
  7806 | D:7      | Reached skill level 1 in Invocations
  7883 | D:7      | Noticed Jeremiah
  8223 | D:8      | Reached skill level 5 in Short Blades
  8706 | D:8      | Reached skill level 10 in Stealth
  8706 | D:8      | Reached XP level 9. HP: 29/44 MP: 11/11
  8891 | D:8      | Reached * piety under Dithmenos
  9217 | D:8      | Reached skill level 5 in Ranged Weapons
  9382 | D:8      | Reached skill level 11 in Stealth
  9790 | D:8      | Learned a level 3 spell: Teleport Other
 10380 | D:8      | Reached skill level 12 in Stealth
 10380 | D:8      | Reached skill level 1 in Translocations
 10654 | D:8      | Reached skill level 1 in Spellcasting
 11328 | D:9      | Reached XP level 10. HP: 49/49 MP: 14/14
 11378 | D:9      | Reached ** piety under Dithmenos
 12007 | D:9      | Noticed Pikel
 12293 | D:9      | Killed Pikel
 12294 | D:9      | Reached skill level 10 in Dodging
 12532 | D:10     | Entered Level 10 of the Dungeon
 12581 | D:10     | Noticed a two-headed ogre
 12814 | D:10     | Reached skill level 13 in Stealth
 12916 | D:10     | Identified the +4 ring mail of Focus {rElec Int+3}
 13099 | D:10     | Killed a two-headed ogre
 13100 | D:10     | Reached skill level 5 in Translocations
 13212 | D:10     | Found a sacrificial altar of Ru.
 13215 | D:10     | Found a hide-covered altar of Uskayaw.
 13726 | D:10     | Noticed Erica
 13813 | D:11     | Noticed a manticore
 13839 | D:11     | Noticed a boulder beetle
 14081 | D:10     | Killed Erica
 14154 | D:10     | Found a staircase to the Lair.
 15262 | D:7      | Killed Jeremiah
 15263 | D:7      | Reached skill level 5 in Spellcasting
 15263 | D:7      | Reached XP level 11. HP: 48/52 MP: 14/19
 15413 | Lair:1   | Entered Level 1 of the Lair of Beasts
 16079 | Lair:1   | Reached skill level 14 in Stealth
 16924 | Lair:1   | Reached skill level 5 in Throwing
 17008 | Lair:1   | Reached *** piety under Dithmenos
 17257 | Lair:1   | Identified the +8 mace of Infinite Pain {heavy, rF+ Str+2}
 18031 | Lair:2   | Found a staircase to the Shoals.
 18179 | Lair:1   | Reached skill level 15 in Stealth
 18674 | Lair:1   | Reached XP level 12. HP: 58/58 MP: 22/22
 19249 | Lair:2   | Reached **** piety under Dithmenos
 19272 | Lair:2   | Noticed Urug
 19279 | Lair:2   | Killed Urug
 19781 | Lair:2   | Found a hole to the Spider Nest.
 20218 | Lair:3   | Identified the of Etioheq
 20957 | Lair:3   | Learned a level 3 spell: Gell's Gravitas
 21135 | Lair:3   | Learned a level 2 spell: Ensorcelled Hibernation
 21430 | Lair:4   | Noticed a death yak
 21430 | Lair:4   | Noticed a death yak
 21431 | Lair:4   | Noticed a death yak
 21431 | Lair:4   | Noticed a death yak
 21432 | Lair:4   | Noticed a death yak
 21529 | Lair:4   | Reached skill level 16 in Stealth
 21599 | Lair:4   | Noticed a death yak
 21762 | Lair:3   | Reached skill level 1 in Hexes
 22232 | Lair:4   | Reached skill level 1 in Ice Magic
 22244 | Lair:4   | Reached skill level 5 in Fighting
 22244 | Lair:4   | Reached XP level 13. HP: 63/63 MP: 24/24
 22336 | Lair:4   | Found a runed translucent door.
 22560 | Lair:3   | Reached skill level 10 in Translocations
 22941 | Lair:4   | Found a staircase to the Slime Pits.
 23050 | Lair:4   | Found a glowing golden altar of the Shining One.
 23690 | Lair:5   | Entered Level 5 of the Lair of Beasts
 23864 | Lair:5   | Reached ***** piety under Dithmenos
 24034 | Lair:4   | Reached skill level 5 in Armour
 24488 | D:11     | Identified the +0 short sword of Winter {flame, rF+ Will+}
 24993 | D:11     | Found a staircase to the Orcish Mines.
 25244 | D:11     | Identified the +0 ring mail of Stoicism {Contam Regen+
                  | rCorr Str+2}
 25304 | D:11     | Identified the +5 flail of the Nexus {freeze, rC+}
 25315 | D:11     | Reached skill level 17 in Stealth
 25798 | D:12     | Identified the +8 chain mail of the Gate {Will+}
 25975 | D:12     | Noticed Nergalle
 26538 | D:12     | Noticed Sonja
 26547 | D:12     | Killed Sonja
 26548 | D:12     | Reached skill level 5 in Hexes
 26710 | D:12     | Noticed Rupert
 26774 | D:12     | Paralysed by Rupert for 3 turns
 26796 | D:12     | Killed Rupert
 27109 | D:12     | Killed Nergalle
 27110 | D:12     | Reached XP level 14. HP: 66/68 MP: 28/28
 28267 | D:13     | Reached skill level 10 in Ranged Weapons
 28675 | D:13     | Noticed an ironbound thunderhulk
 28787 | Orc:1    | Entered Level 1 of the Orcish Mines
 28822 | Orc:2    | Entered Level 2 of the Orcish Mines
 29149 | Orc:2    | Found a staircase to the Elven Halls.
 29212 | Orc:2    | Noticed Josephine
 29342 | Orc:2    | Killed Josephine
 29686 | Orc:2    | Noticed Maurice
 29694 | Orc:2    | Killed Maurice
 29716 | Orc:2    | Found Unluukly's Book Emporium.
 29823 | Orc:2    | Reached skill level 18 in Stealth
 29967 | Orc:2    | Reached skill level 10 in Short Blades
 29967 | Orc:2    | Reached skill level 10 in Spellcasting
 30094 | Orc:2    | Reached ****** piety under Dithmenos
 30442 | Orc:2    | Found Qois's Assorted Antiques.
 30599 | Orc:2    | Found Buedul's Assorted Antiques.
 30864 | Orc:2    | Noticed an orc warlord
 30992 | Orc:2    | Killed an orc warlord
 31261 | Orc:2    | Found Ekoitrij's Antique Armour Emporium.
 31301 | Orc:2    | Found Zolyucs's Antique Weapon Shoppe.
 31492 | Orc:2    | Bought a manual of Stealth for 1280 gold pieces
 32063 | Orc:1    | Found a bloodstained altar of Trog.
 32593 | Lair:4   | Reached skill level 19 in Stealth
 33391 | Lair:5   | Reached skill level 5 in Ice Magic
 33482 | Lair:5   | Reached skill level 20 in Stealth
 33923 | Lair:5   | Reached XP level 15. HP: 72/72 MP: 22/30
 34919 | D:13     | Found a gate to the Vaults.
 35211 | D:14     | Learned a level 2 spell: Jinxbite
 35219 | D:14     | Reached skill level 21 in Stealth
 35219 | D:14     | Reached XP level 16. HP: 78/78 MP: 31/31
 35308 | D:14     | Noticed Jorgrun
 35411 | D:14     | Killed Jorgrun
 35989 | D:14     | Found Balyros's Antique Armour Shoppe.
 36314 | D:15     | Entered Level 15 of the Dungeon
 36386 | D:15     | Found a staircase to the Depths.
 36874 | D:15     | Reached skill level 22 in Stealth
 37348 | Spider:1 | Entered Level 1 of the Spider Nest
 38196 | Spider:1 | Reached skill level 10 in Hexes
 38684 | Spider:1 | HP: 3/72 [pharaoh ant (17)]
 39308 | Spider:2 | Noticed Arachne
 39312 | Spider:2 | Killed Arachne
 39313 | Spider:2 | Reached skill level 23 in Stealth
 39313 | Spider:2 | Noticed Frances
 39317 | Spider:2 | Killed Frances
 39657 | Spider:2 | Reached XP level 17. HP: 84/84 MP: 22/33
 40555 | Spider:3 | Reached skill level 24 in Stealth
 40927 | Vaults:5 | Identified the of Orurul
 40927 | Elf:1    | Entered Level 1 of the Elven Halls
 40981 | Elf:1    | Noticed Agnes
 41139 | Shoals:1 | Entered Level 1 of the Shoals
 42047 | Shoals:2 | Reached skill level 25 in Stealth
 42129 | Shoals:2 | Identified the +6 falchion "Haileufo" {pain, rPois}
 43166 | Shoals:3 | Noticed Zyonedgh's ghost (adept DsMo)
 43173 | Shoals:3 | Found a runed translucent door.
 43717 | Shoals:3 | Identified the +4 trident "Risyuxo" {heavy, rN+}
 43842 | Shoals:3 | Reached skill level 26 in Stealth
 44063 | Shoals:4 | Entered Level 4 of the Shoals
 44848 | Shoals:3 | Learned a level 3 spell: Frozen Ramparts
 44852 | Shoals:3 | Learned a level 3 spell: Ozocubu's Armour
 45016 | Shoals:4 | Identified the +10 plate armour of the Burning God {Fly rC+
                  | rN+ Dex-5}
 45266 | Shoals:4 | Reached skill level 10 in Throwing
 45981 | Shoals:4 | Noticed Ilsuiw
 46372 | Shoals:4 | Reached XP level 18. HP: 88/88 MP: 32/36
 46546 | Shoals:4 | Identified the amulet "Zeoqoerghu" {Acrobat Rampage rF+
                  | Dex+5 Stlth+}
 47238 | Shoals:4 | Got a barnacled rune of Zot
 47377 | Shoals:4 | Killed Ilsuiw
 48060 | Spider:3 | Reached skill level 27 in Stealth
 48890 | Spider:4 | Entered Level 4 of the Spider Nest
 48890 | Spider:4 | Identified the granite talisman of the Dice {Fly rC+ Dex-3
                  | SInv}
 48890 | Spider:4 | Noticed Roxanne
 48895 | Spider:4 | Reached skill level 5 in Evocations
 49039 | Spider:4 | Found a runed translucent door.
 49044 | Spider:4 | Found a shimmering altar of Xom.
 49044 | Spider:4 | Noticed Sundig's ghost (adept MiFi)
 49586 | Spider:4 | Got a gossamer rune of Zot
 51482 | D:4      | Bought a scroll of blinking for 75 gold pieces
 51482 | D:4      | Bought a scroll of poison for 40 gold pieces
 51676 | Orc:2    | Killed Agnes
 51864 | Elf:1    | Found Ynkyhead's Magic Scroll Boutique.
 52151 | Elf:1    | Reached XP level 19. HP: 95/95 MP: 38/38
 52322 | Elf:1    | Found a transporter.
 53167 | Elf:1    | Found a transporter.
 53362 | Elf:2    | Identified the of Kuuprubio
 53576 | Elf:2    | Paralysed by an air elemental for 1 turns
 53581 | Elf:2    | Paralysed by an air elemental for 1 turns
 53671 | Elf:2    | Paralysed by an air elemental for 1 turns
 53681 | Elf:1    | Paralysed by an air elemental for 1 turns
 53751 | Elf:2    | Paralysed by an air elemental for 1 turns
 54206 | Elf:2    | Learned a level 3 spell: Sigil of Binding
 54210 | Elf:2    | Learned a level 3 spell: Tukima's Dance
 54437 | Vaults:1 | Entered Level 1 of the Vaults
 54781 | Vaults:1 | Learned a level 3 spell: Mephitic Cloud
 54807 | Vaults:1 | HP: 4/96 [vault warden/bolt (42)]
 54997 | Vaults:1 | Reached skill level 1 in Poison Magic
 54999 | Vaults:1 | Reached skill level 1 in Air Magic
 55481 | Vaults:1 | Paralysed by a formless jellyfish for 1 turns
 55611 | Vaults:1 | Reached skill level 1 in Conjurations
 55775 | Vaults:1 | Found Oteum's Magic Scroll Boutique.
 55783 | Vaults:1 | Bought a scroll of fog for 68 gold pieces
 56428 | Vaults:2 | Reached skill level 15 in Hexes
 56436 | Vaults:2 | Found Qadaem's Antique Armour Boutique.
 56448 | Vaults:2 | Bought a shiny buckler for 345 gold pieces
 56470 | Vaults:2 | Found Cahuah's Antique Armour Shoppe.
 56478 | Vaults:2 | Bought a hat for 172 gold pieces
 57248 | Vaults:2 | Reached XP level 20. HP: 102/102 MP: 39/39
 57301 | Vaults:2 | Found Bogud's General Store.
 57320 | Vaults:2 | Bought a potion of heal wounds for 75 gold pieces
 57320 | Vaults:2 | Bought a scroll of poison for 60 gold pieces
 57370 | Vaults:2 | Found Fesidghi's Weapon Boutique.
 57379 | Vaults:2 | Bought the +4 dagger of Wu Jian, Lusting {flame, Will+
                  | Str-2 Int+2 Dex+2} for 727 gold pieces
 58278 | Vaults:2 | Reached skill level 10 in Fighting
 58762 | Vaults:3 | Reached skill level 15 in Spellcasting
 58792 | Vaults:3 | Reached skill level 10 in Ice Magic
 59286 | Vaults:3 | Found a staircase to the Crypt.
 59286 | Vaults:3 | Found an ancient bone altar of Kikubaaqudgha.
 59286 | Vaults:3 | Found a basalt altar of Yredelemnul.
 59777 | Vaults:3 | Learned a level 3 spell: Confusing Touch
 60138 | Vaults:4 | Found Wekloo's General Store.
 60149 | Vaults:4 | Bought a scroll of blinking for 165 gold pieces
 60425 | Vaults:4 | Identified the +5 mace "Trog's Brutal Revenge" {drain,
                  | Drain rF+ rC++}
 60577 | Vaults:4 | Reached skill level 5 in Poison Magic
 60651 | Vaults:4 | Noticed Margery
 60694 | Vaults:4 | Killed Margery
 61582 | Vaults:4 | Reached XP level 21. HP: 107/107 MP: 38/41
 61644 | Crypt:1  | Entered Level 1 of the Crypt
 61862 | Depths:1 | Entered Level 1 of the Depths
 61875 | D:15     | Learned a level 4 spell: Iskenderun's Mystic Blast
 62003 | Depths:1 | Noticed Norris
 62050 | Depths:1 | Killed Norris
 62172 | Depths:1 | Found a one-way gate to the infinite horrors of the Abyss.
 62442 | Depths:1 | Reached skill level 5 in Conjurations
 62487 | Depths:1 | Identified the serpent talisman "Bakhon" {rF- Str+3 Dex+2}
 62487 | Depths:1 | Noticed Aizul
 62491 | Depths:1 | Killed Aizul
 62787 | Depths:1 | Found a gateway to Hell.
 62809 | Depths:1 | Noticed the Enchantress
 63255 | Elf:2    | Paralysed by an air elemental for 1 turns
 63259 | Elf:1    | Paralysed by an air elemental for 1 turns
 63263 | Elf:1    | Paralysed by an air elemental for 1 turns
 63383 | Elf:2    | Paralysed by an air elemental for 1 turns
 64097 | Elf:2    | Paralysed by an air elemental for 1 turns
 64104 | Elf:2    | Paralysed by an air elemental for 1 turns
 64109 | Elf:2    | Paralysed by an air elemental for 1 turns
 65474 | Elf:2    | Found a runed translucent gate.
 65475 | Elf:2    | Found a runed translucent gate.
 65475 | Elf:2    | Found a runed translucent gate.
 65514 | Elf:3    | Identified the of Mycriwugy
 65514 | Elf:3    | Identified the "Xysom"
 65514 | Elf:3    | Identified the "Wese"
 65514 | Elf:3    | Identified the of Taomaqal
 65514 | Elf:3    | Identified the of Pipapoegg
 65514 | Elf:3    | Entered Level 3 of the Elven Halls
 66375 | Elf:3    | Upgraded the game from 0.31-a0-986-g5e6e4ef867 to
                  | 0.31-a0-1071-gaead2f62b1
 66459 | Elf:3    | Paralysed by an air elemental for 1 turns
 66543 | Elf:2    | Paralysed by an air elemental for 1 turns
 66995 | Elf:3    | Identified the +3 broad axe of Sharkskin {flame, rN+ Will+
                  | Str+2} (You took it off a deep elf annihilator on level 3
                  | of the Elven Halls)
 67649 | Elf:2    | Reached skill level 15 in Translocations
 68233 | Elf:3    | Learned a level 1 spell: Apportation
 68383 | Elf:3    | Identified the +1 ring mail "Woytz" {rPois}
 68876 | Elf:3    | Identified the +5 mace "Gunwodal" {freeze, Fly rPois rC++
                  | Str-2}
 69962 | Elf:2    | Slain by a +0 long sword of electrocution

Illustrated notes

Levels and vault maps discovered:
D:1:      heliophobic_arrival_dark_side_of_the_moon, layout_basic
D:2:      minmay_inner_zag, layout_rooms, solitary_fountain,
          nicolae_concentric_dashed_squares_mild
D:3:      layout_rooms, gup_sewer_entry_pipe, ebering_ghost_inner_flame,
          basic_ecumenical_altar, roderic_serpentine_path, grunt_decor_cap,
          grunt_ministairs_10
D:4:      layout_basic, nzn_wu_jian_contemplation, serial_shops, shop,
          kennysheep_small_circle, uniq_natasha, uniq_blork_the_orc
D:5:      layout_rooms, nicolae_zen_rock_garden
D:6:      layout_gridville, gammafunk_ghost_smash, serial_shops, shop
D:7:      layout_loops_ring, fedhas_ov_isle_minmay, temple_pool_b, uniq_jeremiah
D:8:      layout_basic, serial_bayou, serial_bayou_pond_d, serial_bayou_lake_a,
          serial_bayou_ford_a, serial_bayou_shore_b
D:9:      layout_rooms, uniq_pikel
D:10:     layout_basic, chequers_temple_overflow_statue_of_worship,
          lair_entry_dummy, uniq_erica
D:11:     minmay_the_grid_four_pointed_star_mashed
          [minmay_the_grid_triangle_9x9_thin_v,
          minmay_the_grid_triangle_9x9_from_above,
          minmay_the_grid_triangle_9x9_alien,
          minmay_the_grid_triangle_9x9_checkered,
          minmay_the_grid_prize_trominoes], layout_basic
D:12:     layout_gridville, uniq_sonja, uniq_rupert, uniq_nergalle
D:13:     layout_stronghold, hellmonk_vaults_keyhole
D:14:     layout_loops_corners, serial_shops, shop, uniq_jorgrun
D:15:     grunt_enter_depths_giant_problem, layout_long_grid,
          hangedman_decor_slide_cut, minmay_misc_feat_enclosed
Temple:   hc_temple_tempest_star
Lair:1:   layout_cave_pods, beast_lair_carwin_11, grunt_megastairs_4
Lair:2:   layout_small_grid, minmay_shoals_entry_centaurs,
          spider_nest_entry_funnel_web, grunt_forest_stairs_basic,
          lemuel_fruit_tree, grunt_megastairs_5, uniq_urug
Lair:3:   dreamdust_cave_troll, layout_small_grid, worms_lemuel,
          infiniplex_staircase_pool, serial_bayou_shore_b
Lair:4:   layout_misc_corridors, slime_entry_1, basic_altar, pf_torpor_hydra
Lair:5:   minmay_lair_end_enchanted_forest, layout_small_grid
Shoals:1: layout_shoals
Shoals:2: layout_shoals, nicolae_shoals_loop_pool
Shoals:3: layout_shoals, hellmonk_ghost_happy_afterlife
Shoals:4: shoals_end_simple, layout_shoals, shoals_ilsuiw_alternative
Spider:1: layout_spider_delve, nicolae_spider_circle_web
Spider:2: layout_spider_delve, uniq_arachne, uniq_frances
Spider:3: nicolae_orb_stairs_large
Spider:4: johnstein_spider_rune_arachne_lair, ebering_ghost_xom,
          nicolae_spider_stair_cavern, uniq_roxanne
Orc:1:    layout_diamond_mine, basic_altar
Orc:2:    grunt_orc_community_town_hall, layout_caves,
          grunt_orc_community_big_house_2, grunt_orc_community_big_house_1,
          grunt_orc_community_house_1, grunt_orc_community_house_3,
          grunt_orc_community_house_2, grunt_orc_community_house_3,
          grunt_orc_community_house_2, grunt_orc_community_house_2,
          serial_shops, nicolae_shop_hallway_plus, uniq_maurice, uniq_josephine
Elf:1:    gammafunk_sealed_arena, layout_gridlike, serial_shops,
          nicolae_shop_pleasant_corner_grove,
          hangedman_elven_crosses_minicolossus, uniq_agnes
Elf:2:    nicolae_elf_blades_crystal_corner, layout_loops_cross, drop_trap,
          nicolae_elf_loose_elemental_storage, uniq_asterion
Elf:3:    minmay_elf_hall_not_hex, layout_geoelf_diagonals
Vaults:1: dpeg_vaults_monster_box, nicolae_vaults_double_plus_1,
          nicolae_vaults_trapezoid_2, vaults_room_ringed_pool,
          nicolae_vaults_shelves_hall, nicolae_vaults_oval_intersection,
          nicolae_vaults_stepped_doors, nicolae_vaults_two_Ls, v_alt_pattern_5,
          hangedman_vaults_capsules, v_pattern_3,
          nicolae_vaults_little_squares_6, vaults_dpeg_emergency_exit,
          vaults_room_fours, vaults_room_semicircle, nicolae_vaults_tangram_1,
          nicolae_vaults_offset_grid_hallway_3,
          nicolae_vaults_storage_room_statues, layout_vaults_ring, serial_shops,
          nicolae_square_shop
Vaults:2: ontoclasm_vaults_gateway, nicolae_vaults_weapon_check,
          ontoclasm_vaults_ring_small, ontoclasm_vaults_twist,
          grunt_vaults_funnel, nicolae_vaults_more_shelving_1, vaults_dpeg_ring,
          layout_vaults_quadrants, serial_shops, shop, nicolae_shop_dealshenge,
          nicolae_shop_tiny_waterfront, shop
Vaults:3: nicolae_vaults_little_squares_6, kennysheep_ogre_elephant_herders,
          nicolae_vaults_what_the_h, nicolae_vaults_asterisk,
          ontoclasm_vaults_pinch, minmay_crypt_entry_necro_gods, v_pattern_1,
          ontoclasm_vaults_shuriken, nicolae_vaults_spaceships,
          nicolae_vaults_two_Ls, layout_vaults_maze
Vaults:4: nicolae_vaults_hallways_thing, v_alt_pattern_1,
          vaults_room_hangedman_quadrants, nicolae_vaults_triangles,
          nicolae_vaults_double_plus_1, nicolae_vaults_little_squares_4,
          nicolae_vaults_network_s, vaults_mumra_minichess, v_misc_19,
          nicolae_vaults_heart-shaped_vault, nicolae_vaults_sesquioval_fish,
          layout_vaults_omnicross, serial_shops,
          nicolae_shop_tiny_statue_garden, uniq_margery
Crypt:1:  layout_misc_corridors, hex_tiny, grunt_crypt_arrival_guarded_gate,
          grunt_megastairs_2
Depths:1: layout_honeycomb, grunt_metal_band, abyss_entry, minmay_fountain_box,
          hangedman_abyss_or_decor_jellyfish_corner, lemuel_blue_sif_altar,
          uniq_norris, uniq_enchantress, uniq_aizul

Skill      XL: |  1  2  3  4  5  6  7  8  9 10 11 12 13 14 15 16 17 18 19 20 21 |
---------------+----------------------------------------------------------------+-----
Stealth        | 6 7 8 10 12 13 15 16 17 20 21 23 26 27 | 27.0
Dodging        | 2 3 4 5 6 9 10 12 | 12.0
Armour         | 1 3 4 5 6 7 |  7.0
Fighting       | 2 3 4 5 6 7 8 9 10 | 10.0
Short Blades   | 3 5 6 7 9 10 11 12 14 | 14.5
Throwing       | 3 4 5 7 10 | 10.0
Ranged Weapons | 1 2 3 4 5 6 7 8 9 10 11 | 11.7
Shields        | 1 2 3 |  3.0
Evocations     | 1 3 5 |  5.0
Invocations    | 2 4 |  4.0
Translocations | 2 5 7 9 10 12 15 | 15.0
Spellcasting   | 2 5 6 7 9 10 11 13 14 15 16 | 16.0
Hexes          | 1 5 7 8 10 12 13 15 18 | 18.0
Ice Magic      | 1 3 5 7 8 9 10 | 10.0
Poison Magic   | 3 5 |  5.0
Air Magic      | 3 4 |  4.0
Conjurations   | 2 4 5 |  5.0

Action                     |  1- 3 |  4- 6 |  7- 9 | 10-12 | 13-15 | 16-18 | 19-21 || total
---------------------------+-------+-------+-------+-------+-------+-------+-------++-------
  Melee: Dagger            |    99 |   212 |   205 |   834 |  1066 |   805 |   829 ||  4050
         Short sword       |       |       |       |       |    31 |    56 |     9 ||    96
         Rapier            |       |       |       |       |       |     6 |    95 ||   101
   Fire: Sling             |       |    82 |   129 |   207 |   221 |   145 |    70 ||   854
         Hand cannon       |       |       |       |       |       |       |   166 ||   166
  Throw: Dart              |    51 |    37 |   123 |   255 |   224 |   134 |   100 ||   924
         Throwing net      |       |       |       |     1 |       |     6 |     1 ||     8
         Boomerang         |       |       |       |       |     6 |    13 |    15 ||    34
   Cast: Teleport Other    |       |       |       |     5 |     1 |       |       ||     6
         Ensorcelled Hiber |       |       |       |       |   254 |   347 |   219 ||   820
         Gell's Gravitas   |       |       |       |       |     4 |     3 |    10 ||    17
         Jinxbite          |       |       |       |       |       |     5 |     5 ||    10
         Ozocubu's Armour  |       |       |       |       |       |    21 |    21 ||    42
         Frozen Ramparts   |       |       |       |       |       |    21 |    18 ||    39
         Tukima's Dance    |       |       |       |       |       |       |    15 ||    15
         Sigil of Binding  |       |       |       |       |       |       |     5 ||     5
         Mephitic Cloud    |       |       |       |       |       |       |    38 ||    38
         Apportation       |       |       |       |       |       |       |     3 ||     3
 Invoke: Shadow Step       |       |       |       |     1 |       |     1 |       ||     2
  Evoke: Wand              |       |       |    10 |    45 |    66 |    29 |     4 ||   154
         Box of beasts     |       |       |       |       |       |     1 |     2 ||     3
         Phial of floods   |       |       |       |       |       |       |     1 ||     1
    Use: Scroll            |       |    14 |     8 |     8 |     9 |    23 |    18 ||    80
         Potion            |       |       |     2 |     3 |     4 |     9 |     7 ||    25
   Stab: Sleeping          |    16 |    12 |    13 |    21 |   160 |   300 |   298 ||   820
         Distracted        |       |       |     3 |     1 |     6 |    10 |    16 ||    36
         Held in net/web   |       |       |       |       |       |     5 |     1 ||     6
         Betrayed ally     |       |       |       |       |       |     1 |       ||     1
         Confused          |       |       |       |       |       |       |    27 ||    27
         Invisible         |       |       |       |       |       |       |     4 ||     4
 Armour: Robe              |    23 |    48 |    52 |   135 |    28 |     8 |       ||   294
         Troll leather arm |       |       |       |       |   171 |   261 |   270 ||   702
         Skin              |       |       |       |       |     7 |       |       ||     7
  Dodge: Dodged            |    47 |   178 |   169 |   764 |   908 |   914 |   701 ||  3681
  Block: Buckler           |       |    22 |    52 |   194 |   261 |   195 |   239 ||   963

Table legend: (Time is in decaauts)
 A = Elapsed time spent in this place.
 B = Non-inter-level travel time spent in this place.
 C = Inter-level travel time spent in this place.
 D = Time resting spent in this place.
 E = Time spent auto-exploring this place.
 F = Levels seen in this place.
 G = Mean time per level.
                   A        B        C        D        E       F      G
               +--------+--------+--------+--------+--------+-----+--------+
         Total |  51180 |  46526 |   4654 |  11030 |  16192 |  41 | 1248.3 |
       Dungeon |  17051 |  14908 |   2143 |   3275 |   6222 |  15 | 1136.7 |
        Temple |     12 |      8 |      4 |      0 |      0 |   1 |   12.0 |
          Lair |   7857 |   7271 |    586 |   1117 |   2754 |   5 | 1571.4 |
        Shoals |   5240 |   4797 |    443 |   1545 |    974 |   4 | 1310.0 |
   Spider Nest |   5147 |   4827 |    320 |   1405 |   1410 |   4 | 1286.8 |
  Orcish Mines |   2850 |   2535 |    315 |    693 |    576 |   2 | 1425.0 |
   Elven Halls |   6468 |   5974 |    494 |   2189 |   1126 |   3 | 2156.0 |
        Vaults |   5115 |   4810 |    305 |    699 |   2270 |   4 | 1278.8 |
         Crypt |     28 |     28 |      0 |      0 |      0 |   1 |   28.0 |
        Depths |    746 |    706 |     40 |     63 |    436 |   1 |  746.0 |
         Sewer |    662 |    662 |      0 |     40 |    420 |   1 |  662.0 |
               +--------+--------+--------+--------+--------+-----+--------+

Top non-repeatable levels by time:
   Elf:1: 2415 daAuts
  Lair:1: 2267 daAuts
   Orc:2: 2204 daAuts
Shoals:4: 2188 daAuts
   Elf:2: 2177 daAuts
     D:8: 2054 daAuts
   Elf:3: 1875 daAuts
    D:10: 1869 daAuts
Spider:1: 1655 daAuts
Shoals:3: 1641 daAuts
Vaults:2: 1615 daAuts
Spider:4: 1598 daAuts
  Lair:4: 1482 daAuts
  Lair:5: 1462 daAuts
    D:11: 1394 daAuts
